 Dungeon Crawl Stone Soup version 0.27-a0-760-gc38aae387d (webtiles) character file.

Game seed: 4303072912491529151

140372 night the Warrior (level 17, -2/131 HPs)
             Began as a Djinni Earth Elementalist on Mar 24, 2021.
             Was the Champion of Makhleb.
             Slain by an eleionoma (19 damage)
             ... on level 1 of the Swamp on Mar 25, 2021.
             The game lasted 01:57:16 (26930 turns).

night the Warrior (Djinni Earth Elementalist)      Turns: 26930, Time: 01:57:17

Health: -2/131     AC: 16    Str:  7    XL:     17   Next: 30%
Gold:   2704       EV: 15    Int: 23    God:    Makhleb [******] SH:  8 Dex: 15

rFire    + + .     SeeInvis .   D - +1 morningstar (flame)
rCold    + . .     Faith    .   m - +3 buckler of the Raven {rN+ rCorr Stlth-}
rNeg     + . .     Spirit   .   C - +3 steam dragon scales
rPois    ∞         Reflect  .   e - +1 helmet
rElec    .         Harm     .   a - +2 cloak
rCorr    +         Rampage  .   F - +1 pair of gloves
Will     +....                  (boots unavailable)
Stlth    +.........             u - amulet of regeneration
HPRegen  1.31/turn              n - ring of protection from cold
MPRegen  0.00/turn              P - ring of protection from cold

@: flying, studying 2 skills
A: fire resistance 2, cold vulnerability 1, float, innate caster, hp casting,
extra vitality 1
a: Renounce Religion, Minor Destruction, Lesser Servant of Makhleb, Major
Destruction, Greater Servant of Makhleb


You were on level 1 of the Swamp.
You worshipped Makhleb.
Makhleb was exalted by your worship.
You visited 6 branches of the dungeon, and saw 27 of its levels.
You visited the Abyss 1 time.

You collected 2704 gold pieces.

Inventory:

Hand Weapons
 x - a +6 antimagic demon whip
 z - the +8 rapier "Xonti" {vorpal, Dex+6}
   (You found it on level 15 of the Dungeon)

   It inflicts extra damage upon your enemies.
   It affects your dexterity (+6).
 A - a +6 falchion of protection
 D - a +1 morningstar of flaming (weapon)
Missiles
 b - 671 stones
 d - 4 throwing nets
 l - 3 curare-tipped darts
 o - 204 sling bullets
 q - 90 poisoned darts (quivered)
 w - 3 javelins
 y - 17 boomerangs
 E - 7 atropa-tipped darts
Armour
 a - a +2 cloak (worn)
 e - a +1 helmet (worn)
 m - the +3 buckler of the Raven (worn) {rN+ rCorr Stlth-}
   (You acquired it on level 10 of the Dungeon)

   It protects you from negative energy.
   It provides partial protection from all sources of acid and corrosion.
   It makes you less stealthy.
 C - +3 steam dragon scales (worn)
 F - a +1 pair of gloves (worn)
 Y - +0 swamp dragon scales
Jewellery
 f - a +6 ring of intelligence
 n - a ring of protection from cold (right hand)
 t - a ring of wizardry
 u - an amulet of regeneration (around neck)
 v - a ring of see invisible
 G - a ring of ice
 I - a +6 ring of dexterity
 P - a ring of protection from cold (left hand)
 R - a ring of resist corrosion
 Z - an amulet of reflection
Wands
 c - a wand of flame (35)
 g - a wand of acid (4)
 j - a wand of digging (12)
 s - a wand of random effects (63)
 B - a wand of iceblast (13)
 H - a wand of mindburst (40)
 Q - a wand of paralysis (14)
 T - a wand of charming (8)
Scrolls
 h - 2 scrolls of teleportation
 k - 12 scrolls of identify
 p - 2 scrolls of fear
 O - a scroll of fog
Potions
 i - 13 potions of curing
 r - 3 potions of lignification
 J - 3 potions of haste
 K - a potion of berserk rage
 L - 4 potions of might
 N - 2 potions of heal wounds
 S - 2 potions of cancellation
 V - 2 potions of ambrosia
 X - 2 potions of mutation


   Skills:
 + Level 15.5 Fighting
 - Level 12.6 Maces & Flails
 - Level 4.8 Armour
 + Level 6.2 Dodging
 - Level 1.5 Stealth
 + Level 4.3 Shields
 + Level 15.4 Spellcasting
 - Level 5.0 Invocations


You couldn't memorise any spells.
You knew the following spells:

 Your Spells              Type           Power      Damage    Failure   Level
a - Sandblast             Erth           100%       2d20      0%          1
b - Stone Arrow           Conj/Erth      100%       3d13      1%          3
c - Wereblood             Tmut           73%        N/A       0%          2
d - Lee's Rapid Deconstr  Erth           36%        3d19*     1%          5
e - Spider Form           Tmut/Pois      36%        N/A       1%          3
f - Beastly Appendage     Tmut           100%       N/A       0%          1
g - Passwall              Tmut/Erth      60%        N/A       0%          2
h - Petrify               Tmut/Erth      73%        N/A       1%          4
i - Portal Projectile     Hex/Tloc       100%       N/A       1%          3
j - Summon Ice Beast      Ice/Summ       73%        N/A       1%          4
k - Yara's Violent Unrav  Hex/Tmut       36%        3d15      1%          5
l - Hydra Form            Tmut           36%        N/A       1%          6
m - Dragon Form           Tmut           36%        N/A       4%          7
Your spell library was empty.

Dungeon Overview and Level Annotations

Branches:
Dungeon (15/15)            Temple (1/1) D:4            Lair (6/6) D:9
  Swamp (2/4) Lair:2       Spider (1/4) Lair:3        Slime (0/5) Lair:6
    Orc (2/2) D:10            Elf (0/3) Orc:2        Vaults (0/5) D:13
 Depths (0/5) D:15

Altars:
Ashenzari
Cheibriados
Dithmenos
Elyvilon
Fedhas
Gozag
Hepliaklqana
Kikubaaqudgha
Makhleb
Nemelex Xobeh
Okawaru
Qazlal
Ru
Sif Muna
Trog
Uskayaw
Vehumet
Wu Jian
Xom
Yredelemnul
Zin
The Shining One
Beogh
Jiyva

Shops:
D:5 !   D:11 [   Orc:1 *   Orc:2 [*=(

Annotations:
D:10 2 transporters, wakim's ghost, novice OpVM
D:12 2 transporters


Innate Abilities, Weirdness & Mutations

You are immune to poison.
Your flesh is very heat resistant. (rF++)
You are vulnerable to cold. (rC-)
You float through the air rather than walking.
You learn spells naturally, not from books.
Your magical power is your life essence.
You have superior vitality. (+4 HP)


Message History

The bolt of acid hits the thorn hunter!
The thorn hunter is splashed with acid.
The acid corrodes the thorn hunter!
You destroy the thorn hunter!
Makhleb accepts your kill.
The eleionoma hurls a spray of splinters at you.
The spray of wooden splinters misses you.
Your Dodging skill increases to level 6!
Casting: Stone Arrow (safe; 1% risk of failure)
Confirm with . or Enter, or press ? or * to list all spells.
Aiming: Stone Arrow (safe; 1% risk of failure)
Press: ? - help, Shift-Dir - straight line, f - eleionoma
Aim: an eleionoma (22% to evade)
The stone arrow hits the eleionoma!
The eleionoma is lightly wounded.
* * * LOW HITPOINT WARNING * * *
The eleionoma barely misses you.
Aiming: Iceblast
Press: ? - help, Shift-Dir - straight line, p - eleionoma The mass of ice explodes!
The iceblast engulfs the eleionoma!
The eleionoma is moderately wounded.
The eleionoma hits you!
* * * LOW HITPOINT WARNING * * *
Aiming: Paralyse
Press: ? - help, Shift-Dir - straight line, f - eleionoma
Aim: an eleionoma (moderately wounded, chance to affect: 1%)
Okay, then.
You hit the eleionoma but do no damage.
The eleionoma is moderately wounded.
You sock the eleionoma! You burn the eleionoma.
The eleionoma is moderately wounded.
The eleionoma hits you!
* * * LOW HITPOINT WARNING * * *
You barely miss the eleionoma.
The eleionoma is moderately wounded.
The briar patch crumbles away.
The eleionoma hurls a spray of splinters at you.
The spray of wooden splinters hits you.
* * * LOW HITPOINT WARNING * * *
You feel much better. The eleionoma hits you!!
You die...

≈≈♣..≈.≈≈≈.♣...♣♣.≈≈§≈≈.♣
♣♣.≈♣.≈≈≈≈..≈≈≈♣♣≈...≈≈.♣
..≈≈..≈≈≈...≈≈≈≈♣♣♣♣≈..♣♣
≈≈≈≈...≈≈≈..≈≈.♣♣ ♣♣≈♣♣♣
≈≈≈♣≈.♣≈≈.≈...§≈♣♣♣♣♣...♣
≈≈≈♣..≈≈≈.≈.≈..♣§..♣.≈≈.♣
≈≈≈≈..≈≈♣♣♣♣♣♣♣♣.>.....≈♣
≈≈≈.≈≈≈≈♣♣...>†≈§..≈≈..♣♣
≈...♣≈≈♣♣♣..†.≈≈@).≈..♣♣
≈♣.♣≈≈≈♣ ♣♣♣♣..R.≈≈♣≈♣♣
♣♣.♣♣≈♣♣ ♣♣...≈♣♣♣♣♣♣
♣..)♣♣♣ ♣≈.≈.≈♣
.....♣♣♣♣♣♣≈..♣♣♣
≈≈.≈≈.≈♣...PP♣♣
§≈≈≈.♣♣.≈≈PP.♣♣
†≈§.≈≈.≈§≈....♣
...≈.≈....[.♣.♣


You could see an eleionoma.

Vanquished Creatures
  Rupert (D:13)
  A thorn hunter (Swamp:1)
  A fenstrider witch (Swamp:2)
  2 orc warlords
  Louise (D:14)
  A very ugly thing (D:15)
  An eleionoma (Swamp:1)
  A fire dragon (D:15)
  Josephine (D:12)
  Harold (Orc:1)
  3 hydras
  Fannar (Orc:1)
  A great orb of eyes (Abyss:2)
  A naga warrior (Abyss:2)
  A boulder beetle (Lair:5)
  2 death knights (D:15)
  2 ogre magi (D:15)
  7 centaur warriors
  3 death yaks
  7 two-headed ogres
  4 tengu warriors
  2 orc high priests
  4 thrashing horrors (Abyss:2)
  3 wretched stars (Abyss:2)
  6 skeletal warriors
  2 fire crabs (shapeshifter)
  A sixfirhy (Abyss:2)
  A swamp dragon (Lair:6)
  4 goliath frogs (Swamp:1)
  A spriggan druid (Swamp:1)
  A deep troll (D:14)
  A glowing orange brain (Abyss:2)
  A deep elf archer (D:15)
  2 deep elf pyromancers (D:12)
  7 orc knights
  3 ugly things
  4 cyclopes
  A wolf spider (Lair:6)
  5 orc sorcerers
  2 will-o-the-wisps (Swamp:1)
  2 manticores (D:15)
  3 elephants (Lair:3)
  A guardian serpent (Abyss:2)
  A guardian serpent (shapeshifter) (D:13)
  Joseph (D:7)
  4 black mambas
  An orange demon (Abyss:2)
  A torpor snail (Lair:6)
  A naga mage (Abyss:2)
  Maggie (D:7)
  18 cane toads
  An efreet (D:15)
  2 unseen horrors
  3 rime drakes
  A kobold demonologist (D:11)
  10 komodo dragons
  A yaktaur (D:14)
  A freezing wraith (D:15)
  2 tengu conjurers
  An ancient zyme (Abyss:2)
  3 meliai (D:15)
  4 trolls
  A wind drake (shapeshifter) (D:14)
  A hornet (Swamp:1)
  11 polar bears
  4 raiju (Lair:6)
  5 tyrant leeches
  A wolf spider simulacrum (D:15)
  12 blink frogs
  3 shadows
  10 dream sheep (Lair:6)
  A centaur simulacrum (D:11)
  3 redbacks (Lair:3)
  2 large abominations (Abyss:2)
  3 vampires
  A spriggan (Swamp:1)
  A tarantella (Spider:1)
  A wyvern (Lair:4)
  8 wraiths
  A yak (shapeshifter) (D:13)
  A ynoxinul (Abyss:2)
  A human (shapeshifter) (D:14)
  36 yaks
  12 humans (D:13)
  Eustachio (D:6)
  A chaos spawn (Abyss:2)
  3 basilisks
  24 vampire mosquitoes
  A steam dragon (D:7)
  A neqoxec (Abyss:2)
  10 wargs
  A naga (shapeshifter) (D:15)
  2 swamp worms
  Edmund (D:5)
  14 water moccasins
  Duvessa (D:6)
  An acid dragon (D:11)
  13 hell hounds (Lair:6)
  20 black bears
  31 orc warriors
  5 swamp drakes
  A hornet zombie (D:5)
  2 ice beasts
  5 ogres
  20 wolves
  13 centaurs
  2 phantoms
  3 kobold brigands
  9 bullfrogs
  A gnoll sergeant (D:12)
  Dowan (D:6)
  A water moccasin zombie (D:4)
  A wyvern skeleton (D:6)
  2 scorpions
  7 killer bees (D:9)
  2 electric eels
  8 wights
  4 howler monkeys
  4 centaur zombies
  A bullfrog zombie (D:6)
  4 jellies
  2 quasits (Abyss:2)
  7 hounds
  13 orc priests
  A bullfrog skeleton (D:6)
  Jessica (D:3)
  2 centaur skeletons
  3 iguanas
  20 orc wizards
  6 worker ants
  A howler monkey zombie (D:9)
  8 adders
  5 gnolls (D:12)
  2 shadow imps
  6 white imps
  An ufetubus (D:11)
  An adder skeleton (D:5)
  3 worms
  A dart slug (D:1)
  64 orcs
  15 bats
  6 endoplasms
  4 giant cockroaches
  8 goblins
  8 hobgoblins
  8 jackals (D:1)
  A quokka (D:5)
  4 ball pythons
  4 frilled lizards
  14 kobolds
  4 rats
720 creatures vanquished.

Vanquished Creatures (collateral kills)
  A thorn hunter (Swamp:2)
  An eleionoma (Swamp:1)
  The ghost of nago the Fighter, a journeyman DjIE of Makhleb (D:11)
  7 hydras
  A boulder beetle (D:13)
  A death knight (D:15)
  2 centaur warriors
  An alligator (Swamp:1)
  2 death yaks (Lair:5)
  A two-headed ogre (D:13)
  A spriggan (Swamp:1)
  A goliath frog (Swamp:1)
  A skeletal warrior (D:15)
  A swamp dragon (Lair:2)
  A wizard (D:14)
  A cyclops (D:14)
  A guardian serpent (shapeshifter) (D:15)
  3 cane toads
  A rime drake (Lair:4)
  3 tyrant leeches (Swamp:1)
  2 polar bears
  6 blink frogs
  A hornet (Swamp:1)
  3 humans (D:13)
  A swamp worm (Swamp:1)
  2 black bears (Lair:1)
  A bullfrog (Lair:1)
  An iguana (Lair:2)
49 creatures vanquished.

Vanquished Creatures (others)
  A swamp dragon (Swamp:2)
  A komodo dragon (Lair:6)
  3 bloated husks
  A swamp drake (Lair:6)
  A wolf (Lair:6)
  2 orcs (Orc:1)
  2 briar patches (Swamp:2)
  12 foxfires (Swamp:1)
  24 fungi
  52 plants
99 creatures vanquished.

Grand Total: 868 creatures vanquished

Notes
Turn   | Place    | Note
-------+----------+-------------------------------------------
     0 | D:1      | night the Djinni Earth Elementalist began the quest for the
                  | Orb.
     0 | D:1      | Reached XP level 1. HP: 15/15 MP: 0/0
   478 | D:1      | Reached XP level 2. HP: 20/21 MP: 0/0
   823 | D:1      | Reached XP level 3. HP: 12/25 MP: 0/0
   823 | D:1      | Learned a level 1 spell: Beastly Appendage
  1764 | D:2      | Noticed a black bear
  1767 | D:2      | Killed a black bear
  1768 | D:2      | Reached XP level 4. HP: 24/31 MP: 0/0
  1768 | D:2      | Reached XP level 5. HP: 27/35 MP: 0/0
  1768 | D:2      | Learned a level 2 spell: Wereblood
  1772 | D:2      | Reached skill level 5 in Spellcasting
  1879 | D:2      | Found a shimmering altar of Xom.
  1880 | D:2      | Found a shimmering altar of Xom.
  1885 | D:2      | Found a shimmering altar of Xom.
  2046 | D:2      | Found a shimmering altar of Xom.
  2046 | D:2      | Found a shimmering altar of Xom.
  2232 | D:2      | You are sucked into a shaft and drop 2 floors!
  2621 | D:2      | Reached XP level 6. HP: 30/40 MP: 0/0
  3049 | D:3      | Noticed Jessica
  3052 | D:3      | Killed Jessica
  3845 | D:4      | Noticed a black bear
  3920 | D:4      | Killed a black bear
  3921 | D:4      | Reached XP level 7. HP: 34/45 MP: 0/0
  3921 | D:4      | Learned a level 3 spell: Spider Form
  4030 | D:4      | Found a staircase to the Ecumenical Temple.
  4047 | Temple   | Entered the Ecumenical Temple
  4171 | Temple   | Became a worshipper of Makhleb the Destroyer
  4231 | D:4      | Found a basalt altar of Yredelemnul.
  4615 | D:4      | Found a sparkling altar of Nemelex Xobeh.
  4620 | D:4      | Found a shadowy altar of Dithmenos.
  4620 | D:4      | Found a broken altar of Ashenzari.
  4621 | D:4      | Found a snail-covered altar of Cheibriados.
  4623 | D:4      | Found a blossoming altar of Fedhas.
  4624 | D:4      | Found a stormy altar of Qazlal.
  5097 | D:5      | Entered Level 5 of the Dungeon
  5253 | D:5      | Reached XP level 8. HP: 22/50 MP: 0/0
  6165 | D:5      | Reached * piety under Makhleb
  6206 | D:5      | Found Guhopile's Distillery.
  6235 | D:5      | Reached skill level 1 in Fighting
  6418 | D:5      | Reached skill level 2 in Fighting
  6554 | D:5      | Noticed Edmund
  6557 | D:5      | Killed Edmund
  6645 | D:5      | Found a bloodstained altar of Trog.
  7160 | D:6      | Reached XP level 9. HP: 58/62 MP: 0/0
  7160 | D:6      | Learned a level 3 spell: Portal Projectile
  7168 | D:6      | Noticed Duvessa
  7178 | D:6      | Noticed Dowan
  7181 | D:6      | Killed Duvessa
  7196 | D:6      | Killed Dowan
  7517 | D:6      | Noticed Eustachio
  7519 | D:6      | Killed Eustachio
  7626 | D:6      | Reached skill level 5 in Fighting
  8331 | D:7      | Noticed Maggie
  8338 | D:7      | Killed Maggie
  8339 | D:7      | Reached skill level 1 in Shields
  8430 | D:7      | Reached skill level 2 in Shields
  8712 | D:7      | Noticed Joseph
  8733 | D:7      | Killed Joseph
  8734 | D:7      | Reached skill level 1 in Maces & Flails
  8734 | D:7      | Reached skill level 10 in Spellcasting
  8816 | D:7      | Reached XP level 10. HP: 72/72 MP: 0/0
  8920 | D:7      | Reached skill level 2 in Maces & Flails
  8920 | D:7      | Reached ** piety under Makhleb
  9026 | D:8      | Found a hazy altar of Hepliaklqana.
  9239 | D:8      | Found a glowing silver altar of Zin.
  9568 | D:9      | You are sucked into a shaft and drop 3 floors!
  9604 | D:12     | Noticed a deep elf pyromancer
  9629 | D:12     | Killed a deep elf pyromancer
  9688 | D:10     | Entered Level 10 of the Dungeon
  9700 | D:10     | Identified a scroll of acquirement
  9700 | D:10     | Acquired the +3 buckler of the Raven {rN+ rCorr Stlth-}
  9702 | D:10     | Noticed an unseen horror
  9744 | D:10     | Reached *** piety under Makhleb
  9750 | D:10     | Killed an unseen horror
  9865 | D:9      | Reached XP level 11. HP: 77/81 MP: 0/0
  9865 | D:9      | Learned a level 4 spell: Summon Ice Beast
 10133 | D:9      | Found a staircase to the Lair.
 10158 | D:9      | Noticed a two-headed ogre
 10163 | D:9      | Killed a two-headed ogre
 10191 | D:9      | Reached skill level 5 in Maces & Flails
 10560 | D:10     | Noticed a manticore
 10561 | D:10     | Found a transporter.
 10561 | D:10     | Noticed wakim's ghost (novice OpVM)
 10562 | D:10     | Noticed a tengu reaver
 10585 | D:10     | Found a transporter.
 10632 | D:10     | Noticed a two-headed ogre
 10653 | D:10     | Killed a two-headed ogre
 10719 | D:10     | Noticed a death yak
 10841 | D:10     | Noticed a centaur warrior
 10930 | Lair:1   | Entered Level 1 of the Lair of Beasts
 10988 | Lair:1   | Reached **** piety under Makhleb
 11143 | Lair:1   | Noticed a four-headed hydra
 11152 | Lair:1   | Killed a four-headed hydra
 11315 | Lair:1   | Reached XP level 12. HP: 69/91 MP: 0/0
 11827 | Lair:2   | Reached skill level 10 in Fighting
 11909 | Lair:2   | Found a staircase to the Swamp.
 12209 | Lair:2   | Acquired a +5 antimagic demon whip
 12288 | Lair:2   | Reached skill level 12 in Spellcasting
 13042 | Lair:3   | Found a hole to the Spider Nest.
 13155 | Lair:3   | You are sucked into a shaft and drop 1 floor!
 13164 | Lair:4   | Identified the +1 scale mail "Noudob" {*Drain rElec rCorr}
 13195 | Lair:4   | Noticed a six-headed hydra
 13202 | Lair:4   | Killed a six-headed hydra
 13740 | Lair:3   | Noticed a seven-headed hydra
 13756 | Lair:3   | Killed a seven-headed hydra
 13909 | Lair:3   | Reached XP level 13. HP: 99/99 MP: 0/0
 13909 | Lair:3   | Learned a level 5 spell: Yara's Violent Unravelling
 14252 | Lair:3   | Reached ***** piety under Makhleb
 14482 | Lair:4   | Reached skill level 5 in Dodging
 14482 | Lair:4   | Reached XP level 14. HP: 105/105 MP: 0/0
 15260 | Lair:5   | Reached skill level 1 in Invocations
 15503 | Lair:5   | Reached skill level 2 in Invocations
 15818 | Lair:6   | Entered Level 6 of the Lair of Beasts
 15960 | Lair:6   | Reached skill level 12 in Fighting
 16101 | Lair:6   | Found a staircase to the Slime Pits.
 16198 | Lair:6   | Identified the +2 spear of the Old World {vorpal, Str+2}
 16716 | Lair:6   | Reached ****** piety under Makhleb
 16952 | Lair:6   | Reached skill level 5 in Invocations
 16965 | Lair:6   | Reached XP level 15. HP: 111/113 MP: 0/0
 16965 | Lair:6   | Learned a level 6 spell: Hydra Form
 17226 | Lair:6   | Acquired a manual of Shields
 17598 | D:10     | Reached skill level 10 in Maces & Flails
 17619 | D:10     | Found a staircase to the Orcish Mines.
 17778 | D:10     | Identified the +6 whip "Piase" {protect, +Blink +Rage rPois
                  | Int-5}
 17935 | D:11     | Found a runed translucent door.
 17937 | D:11     | Noticed nago's ghost (journeyman DjIE)
 17952 | D:11     | Killed nago's ghost
 18257 | D:11     | Found Gejel's Armour Emporium.
 18629 | D:12     | Noticed Josephine
 18639 | D:12     | Killed Josephine
 18770 | D:12     | Found a transporter.
 18777 | D:12     | Found a transporter.
 18777 | D:12     | Found a viscous altar of Jiyva.
 18878 | D:12     | Found a stormy altar of Qazlal.
 19238 | D:13     | Found a gate to the Vaults.
 19238 | D:13     | Noticed Rupert
 19479 | D:13     | HP: 14/115 [Rupert/+4 battleaxe of freezing (7)]
 19823 | D:13     | Reached skill level 14 in Spellcasting
 19895 | D:13     | Killed Rupert
 20507 | D:14     | Noticed Louise
 20512 | D:14     | Cast into level 2 of the Abyss (Louise)
 20527 | Abyss:2  | Found a hide-covered altar of Uskayaw.
 20535 | Abyss:2  | Found a corrupted altar of Lugonu.
 20963 | D:14     | Escaped the Abyss
 21055 | D:14     | Killed Louise
 21056 | D:14     | Reached XP level 16. HP: 65/122 MP: 0/0
 21360 | D:14     | Found a broken altar of Ashenzari.
 21485 | D:14     | Reached skill level 14 in Fighting
 21709 | D:14     | Acquired a manual of Dodging
 22258 | D:15     | Entered Level 15 of the Dungeon
 22355 | D:15     | HP: 9/123 [tengu warrior/+3 great mace of draining (25)]
 22506 | D:15     | Found a staircase to the Depths.
 22544 | D:15     | Found a hide-covered altar of Uskayaw.
 22982 | D:15     | Identified the +8 rapier "Xonti" {vorpal, Dex+6}
 23909 | Orc:1    | Entered Level 1 of the Orcish Mines
 23909 | Orc:1    | Noticed Fannar
 23911 | Orc:1    | Noticed Harold
 23930 | Orc:1    | Killed Fannar
 23936 | Orc:1    | Killed Harold
 23937 | Orc:1    | Reached skill level 12 in Maces & Flails
 24063 | Orc:2    | Entered Level 2 of the Orcish Mines
 24621 | Orc:2    | Found a staircase to the Elven Halls.
 24698 | Orc:2    | Found Levyeroy's Jewellery Shop.
 24774 | Orc:2    | Found Athraucye's Antique Armour Shop.
 24790 | Orc:2    | Found Ablonot's General Store.
 24812 | Orc:2    | Found Hefafaet's Antique Weapon Shop.
 25076 | Orc:1    | You are sucked into a shaft and drop 1 floor!
 25139 | Orc:1    | Found Zyss's General Store.
 25428 | Orc:1    | Reached XP level 17. HP: 130/131 MP: 0/0
 25428 | Orc:1    | Learned a level 7 spell: Dragon Form
 25886 | Spider:1 | Entered Level 1 of the Spider Nest
 25968 | Swamp:1  | Entered Level 1 of the Swamp
 26032 | Swamp:1  | Found a bloodstained altar of Trog.
 26179 | Swamp:1  | Identified the +11 longbow "Giantslayer" {venom, rF- rN+
                  | Str+3}
 26741 | Swamp:2  | Paralysed by a fenstrider witch for 6 turns
 26921 | Swamp:1  | HP: 15/131 [thorn hunter (15)]
 26926 | Swamp:1  | HP: 14/131 [eleionoma (17)]
 26929 | Swamp:1  | HP: 5/131 [eleionoma/spray of wooden splinters (6)]
 26930 | Swamp:1  | Slain by an eleionoma

Illustrated notes

Levels and vault maps discovered:
D:1:      lightli_arrival_flooded_house, layout_basic, serial_glass,
          glass_columns_a, glass_columns_a, serial_bayou_lagoon_a
D:2:      layout_basic, xom_redecorated
D:3:      layout_rooms, uniq_jessica
D:4:      minmay_razor_zed, layout_cave_pools, minitemple,
          minmay_temple_entry_offerings
D:5:      layout_basic, lemuel_doored_altar, serial_shops,
          nicolae_shop_behind_doors, uniq_edmund
D:6:      layout_layer_cave, uniq_eustachio, uniq_duvessa
D:7:      layout_basic, kennysheep_generic_room_15, uniq_joseph, uniq_maggie
D:8:      layout_rooms, grunt_temple_overflow_open
D:9:      layout_gridville, erik_lair_orcish_takeover, minivault_27
D:10:     argonaut_augean_stables, layout_rooms, gammafunk_ghost_arena,
          grunt_ministairs_8, minmay_chambers_of_fives
D:11:     layout_irregular_city, ebering_ghost_reflecting_pool, serial_shops,
          kennysheep_little_box, serial_ice, serial_ice_l, serial_ice_c,
          serial_ice_m, serial_ice_a
D:12:     gammafunk_jiyva_shrine, layout_long_grid, basic_altar,
          roderic_batcave, uniq_josephine
D:13:     layout_stronghold, david_vaults_3
D:14:     minmay_opposing_rooms, layout_loops_corners, chequers_avenue,
          basic_altar, uniq_louise
D:15:     hangedman_depths_entry_civil_slaughter, layout_irregular_city,
          serial_column_ruins, column_ruins_temple_circle, column_ruins_hut,
          column_ruins_open_small, column_ruins_columns_straight,
          column_ruins_open_small, column_ruins_open_medium,
          column_ruins_columns_corner, column_ruins_open_tiny,
          serial_bayou_pond_b, amcnicky_mini_corridor_feature,
          minmay_hollow_rounded_squares
Temple:   eino_temple_lava
Lair:1:   layout_hall_layers, beast_lair_carwin_10
Lair:2:   layout_layer_cave, minmay_swamp_entry_reptiles, st_stairs_8,
          grunt_megastairs_2, infiniplex_staircase_pool
Lair:3:   layout_cave_pods, spider_nest_entry_webs, beast_lair_carwin_5,
          serial_bayou_shore_a
Lair:4:   layout_misc_corridors, st_stairs_10, lemuel_fruit_fields
Lair:5:   layout_cave_pods, serial_bayou_pond_a, hangedman_lair_generics_rect
Lair:6:   hangedman_lair_caniforms_friends, layout_concentric_octagons,
          slime_dummy, gauntlet_entry_generic, minivault_24, pond,
          lemuel_fruit_fields
Swamp:1:  nicolae_swamp_tree_isthmus, layout_basic_swamp, lemuel_altar_in_water
Swamp:2:  layout_basic_swamp, evilmike_swamp_ruin_house_1, swamp_pool5
Spider:1: layout_spider_delve, guppyfry_spider_mini_1
Orc:1:    layout_caves, serial_shops, shop, special_room [special_room_orc],
          uniq_fannar, uniq_harold
Orc:2:    grunt_orc_cross, layout_diamond_mine, nicolae_orc_bridge_out,
          amcnicky_altar_gilded

Skill      XL: |  1  2  3  4  5  6  7  8  9 10 11 12 13 14 15 16 17 |
---------------+----------------------------------------------------+-----
Spellcasting   | 3 4 5 6 7 9 10 11 12 13 14 15 | 15.4
Fighting       | 3 6 7 9 11 12 13 15 | 15.5
Shields        | 3 4 |  4.3
Maces & Flails | 1 4 6 8 9 11 12 | 12.6
Armour         | 4 |  4.8
Dodging        | 5 6 |  6.2
Invocations    | 5 |  5.0
Stealth        | |  1.5

Action                   |  1- 3 |  4- 6 |  7- 9 | 10-12 | 13-15 | 16-18 || total
-------------------------+-------+-------+-------+-------+-------+-------++-------
Melee: Unarmed           |     8 |       |     5 |       |       |       ||    13
       Falchion          |    88 |    15 |    15 |       |       |       ||   118
       Scimitar          |       |     5 |    80 |       |       |       ||    85
       Morningstar       |       |       |    27 |   172 |   235 |   158 ||   592
       Demon whip        |       |       |       |    21 |       |     9 ||    30
Throw: Dart              |       |       |       |       |     1 |       ||     1
 Cast: Sandblast         |    17 |    12 |     6 |     6 |     7 |     2 ||    50
       Stone Arrow       |     3 |    33 |    76 |   195 |   439 |   258 ||  1004
       Wereblood         |       |     3 |       |     1 |       |       ||     4
       Lee's Rapid Decon |       |       |     7 |    23 |    44 |    84 ||   158
       Petrify           |       |       |     8 |    11 |    18 |    18 ||    55
       Spider Form       |       |       |     1 |     2 |       |       ||     3
       Summon Ice Beast  |       |       |       |    21 |    63 |    86 ||   170
       Yara's Violent Un |       |       |       |       |    14 |    17 ||    31
       Hydra Form        |       |       |       |       |       |     1 ||     1
       Dragon Form       |       |       |       |       |       |     1 ||     1
Invok: Lesser Servant of |       |       |       |       |     3 |       ||     3
       Greater Servant o |       |       |       |       |     1 |       ||     1
 Abil: End Transformatio |       |       |     1 |     2 |       |       ||     3
       Breathe Fire      |       |       |       |       |       |     1 ||     1
Evoke: Wand              |       |       |       |       |     5 |     4 ||     9
  Use: Scroll            |       |     5 |     5 |     5 |    12 |     5 ||    32
       Potion            |       |       |       |     7 |     2 |     2 ||    11
 Stab: Sleeping          |     3 |       |     3 |       |       |       ||     6
       Petrified         |       |       |    24 |    11 |       |     4 ||    39
       Petrifying        |       |       |     3 |     1 |     1 |       ||     5
       Distracted        |       |       |       |       |       |     1 ||     1
Armor: Robe              |    34 |    11 |     7 |       |       |       ||    52
       Leather armour    |       |       |    29 |       |       |       ||    29
       Steam dragon scal |       |       |     7 |   106 |   161 |   122 ||   396
       Skin              |       |       |       |    47 |       |       ||    47
Dodge: Dodged            |   102 |    25 |    92 |   159 |   301 |   178 ||   857
Block: Buckler           |       |       |    11 |   120 |   217 |   122 ||   470
       Rpst.: Falchion   |    26 |     5 |     4 |       |       |       ||    35
       Scimitar          |       |     2 |    23 |       |       |       ||    25

Table legend: (Time is in decaauts)
 A = Elapsed time spent in this place.
 B = Non-inter-level travel time spent in this place.
 C = Inter-level travel time spent in this place.
 D = Time resting spent in this place.
 E = Time spent auto-exploring this place.
 F = Levels seen in this place.
 G = Mean time per level.
                   A        B        C        D        E       F      G
               +--------+--------+--------+--------+--------+-----+--------+
         Total |  27084 |  25500 |   1584 |   2463 |  17364 |  28 |  967.3 |
       Dungeon |  17231 |  16226 |   1005 |   2083 |  10887 |  15 | 1148.7 |
        Temple |    141 |    141 |      0 |      0 |    101 |   1 |  141.0 |
          Lair |   6577 |   6139 |    438 |    179 |   4676 |   6 | 1096.2 |
         Swamp |    952 |    946 |      6 |    117 |    484 |   2 |  476.0 |
   Spider Nest |      6 |      6 |      0 |      0 |      0 |   1 |    6.0 |
  Orcish Mines |   1724 |   1590 |    134 |     62 |    988 |   2 |  862.0 |
         Abyss |    449 |    449 |      0 |     22 |    228 |   1 |  449.0 |
               +--------+--------+--------+--------+--------+-----+--------+

Top non-repeatable levels by time:
     D:5: 1953 daAuts
     D:1: 1752 daAuts
     D:4: 1657 daAuts
    D:14: 1517 daAuts
  Lair:2: 1417 daAuts
  Lair:6: 1366 daAuts
    D:13: 1330 daAuts
    D:15: 1329 daAuts
  Lair:3: 1246 daAuts
  Lair:5: 1164 daAuts
     D:6: 1125 daAuts
   Orc:2: 1083 daAuts
    D:10: 1068 daAuts
     D:9: 1013 daAuts
     D:2: 942 daAuts
